 Dungeon Crawl Stone Soup version 0.16.2-12-gd0ad4c3 (webtiles) character file.

141 RepoMan the Grasshopper (level 5, 0/26 HPs)
             Began as a Vine Stalker Warper on Oct 23, 2015.
             Succumbed to an adder's poison
             ... on level 3 of the Dungeon.
             The game lasted 00:21:29 (1896 turns).

RepoMan the Grasshopper (Vine Stalker Warper)       Turns: 1896, Time: 00:21:29

Health: 0/26       AC:  3    Str: 13    XL:     5   Next: 24%
Magic:  3/13       EV: 11    Int: 14    God:
Gold:   124        SH:  0    Dex: 14    Spells: 3 memorised, 4 levels left

rFire  . . .     SeeInvis .     a - +0 short sword
rCold  . . .     Clarity  .     b - +0 leather armour
rNeg   . . .     SustAb   .     (no shield)
rPois  .         Gourm    .     (no helmet)
rElec  .         Spirit   +     (no cloak)
rCorr  .         Warding  .     (no gloves)
rMut   .         Stasis   .     (no boots)
MR     .....                    (no amulet)
Stlth  ++........               (no ring)
                                (no ring)

@: lethally poisoned (0 -> -3), very slightly contaminated, drained, not
resistant to hostile enchantments, unstealthy
A: fangs 2, regeneration 1, magic shield, antimagic bite, no device heal 3, rot
immunity
a: no special abilities


You were on level 3 of the Dungeon.
You were not hungry.

You visited 1 branch of the dungeon, and saw 4 of its levels.

You collected 124 gold pieces.

Inventory:

Hand weapons
 a - a +0 short sword (weapon)
Missiles
 q - 27 poisoned needles
Armour
 b - a +0 leather armour (worn)
Magical devices
 o - a wand of frost (1)
Scrolls
 d - a scroll of blinking
 e - a scroll of magic mapping {unknown}
 g - a scroll of identify {unknown}
 h - a scroll of recharging {unknown}
 i - a scroll of remove curse {unknown}
 k - 2 scrolls of teleportation {unknown}
 p - a scroll of random uselessness {unknown}
Potions
 j - a potion of beneficial mutation {unknown}
 m - a potion of haste {unknown}
Books
 c - a book of Spatial Translocations

   Spells                             Type                      Level
   a - Apportation                    Translocation                1
   b - Blink                          Translocation                2
   c - Shroud of Golubria             Charms/Translocation         2
   d - Portal Projectile              Translocation                3
   e - Teleport Other                 Translocation                3
   f - Passage of Golubria            Translocation                4
Comestibles
 f - a bread ration
 l - 2 chunks of flesh
 n - a meat ration


   Skills:
 - Level 1.7(1.0) Fighting
 * Level 3.1(2.3) Short Blades
 - Level 0.8(0.2) Throwing
 - Level 0.7(0.0) Armour
 - Level 1.5(0.8) Dodging
 + Level 2.1(1.4) Stealth
 + Level 3.2(2.5) Spellcasting
 + Level 3.7(3.0) Translocations
 + Level 0.6(0.0) Evocations


You had 4 spell levels left.
You knew the following spells:

 Your Spells              Type           Power        Failure   Level  Hunger
a - Apportation           Tloc           ##........   10%         1    #......
b - Blink                 Tloc           N/A          14%         2    ###....
o - Teleport Other        Tloc           ##......     28%         3    ###....


Dungeon Overview and Level Annotations

Branches:
Dungeon (4/15)
 Temple: D:4-7

Altars:
Ashenzari
Elyvilon

Annotations:
D:3 Bezhaha1's ghost, average DsBe
D:4 Robin


Innate Abilities, Weirdness & Mutations

You have extremely sharp teeth.
Your natural rate of healing is unusually fast.
When hurt, damage is shared between your health and your magic reserves.
Your bite disrupts and absorbs the magic of your enemies.
Potions and wands cannot restore your health.
You are immune to rotting.


Message History

* * * LOW HITPOINT WARNING * * *
You feel sick.
Firing (i - inventory): No suitable missiles.
Press: ? - help, Shift-Dir - straight line, f/p - adder
Aim: an adder (almost dead)
Okay, then.
Unknown command.
You completely miss the adder.
The adder is almost dead.
* * * LOW HITPOINT WARNING * * *
You feel sick. The adder closely misses you.
Bezhaha1's ghost (average Demonspawn Berserker) comes into view.
* * * LOW HITPOINT WARNING * * *
You feel sick.
You closely miss the adder. You bite the adder. You drain its power.
You feel invigorated.
You kill the adder!
* * * LOW HITPOINT WARNING * * *
You feel sick.
You die...

.###....### .
..#....#.# W
.##........#
............#.#
....##..%...#.#
........##...)####
.#.....#.o.....)..#
.........#..†####)#
#.#.⌠.⌠.#.@....###.#
....[...........##.#
..#.....#........#.##
......_...........#<.#
#..#....)#(>......##(#
..................##.#
##.#.⌠.⌠.#......>.##.#
................###.#
#.#.....#.......# #.#


There were no monsters in sight!

Vanquished Creatures
  5 adders
  A giant mite (D:2)
  2 worms (D:2)
  4 orcs
  2 giant cockroaches (D:1)
  14 goblins
  6 hobgoblins
  9 jackals
  A quokka (D:2)
  2 ball pythons
  5 bats
  2 giant geckos
  6 giant newts
  8 kobolds
  10 rats
  A plant (D:1)
78 creatures vanquished.

Notes
Turn   | Place    | Note
--------------------------------------------------------------
     0 | D:1      | RepoMan, the Vine Stalker Warper, began the quest for the Orb.
     0 | D:1      | Reached XP level 1. HP: 11/11 MP: 3/3
   116 | D:1      | Reached XP level 2. HP: 15/15 MP: 6/6
   136 | D:1      | Learned a level 2 spell: Blink
   530 | D:1      | Reached XP level 3. HP: 15/18 MP: 4/7
   574 | D:1      | Learned a level 3 spell: Teleport Other
   686 | D:1      | Reached skill level 1 in Stealth
   879 | D:2      | Found a shattered altar of Ashenzari.
  1010 | D:2      | Reached XP level 4. HP: 23/23 MP: 7/9
  1673 | D:3      | Noticed Robin
  1704 | D:4      | Reached XP level 5. HP: 15/26 MP: 6/13
  1747 | D:3      | Found a white marble altar of Elyvilon.
  1894 | D:3      | Noticed Bezhaha1's ghost (average DsBe)
  1894 | D:3      | HP: 1/26 [poisoned by an adder]
  1896 | D:3      | Succumbed to an adder's poison

Action                   |  1- 3 |  4- 6 || total
-------------------------+-------+-------++-------
Melee: Short sword       |   201 |   134 ||   335
Throw: Tomahawk          |     5 |       ||     5
 Cast: Apportation       |     5 |     3 ||     8
       Blink             |       |     5 ||     5
Evoke: Wand              |     1 |    10 ||    11
  Eat: Chunk             |     1 |     3 ||     4
